[Event "1st Turkish League 2017"]
[Site "Konya"]
[Date "2017.07.18"]
[Round "3"]
[White "Keler, Faruk"]
[Black "Metin, Oguz"]
[Result "1-0"]
[ECO "A11"]
[WhiteElo "2262"]
[BlackElo "2052"]
[Annotator "NA"]
[PlyCount "151"]
[EventType "team-tourn"]
[EventCountry "TUR"]
[SourceTitle "playchess.com"]
[Source "ChessBase"]
[SourceQuality "1"]
[TimeControl "5400+30"]

1. Nf3 d5 2. g3 Bg4 3. Bg2 Nd7 4. c4 e6 5. cxd5 exd5 6. O-O Ngf6 7. d3 Be7 8. Nc3 O-O 9. h3 Bxf3 10. Bxf3 c6 11. Bg2 a5 12. Qc2 Nc5 13. Rd1 Ne6 14. d4 Qc7 15. h4 h6 16. Bh3 Bd6 17. Kg2 Rae8 18. Qf5 Ne4 19. Nxe4 dxe4 20. Qh5 c5 21. dxc5 Bxc5 22. Rd5 b6 23. e3 Kh7 24. Bd2 Qc6 25. Bc3 g6 26. Qd1 Nc7 27. Rd2 Ne6 28. h5 Re7 29. Qg4 Ng7 30. hxg6+ fxg6 31. Rd7 Ref7 32. Rxf7 Rxf7 33. Rd1 Nf5 34. Rd8 Bf8 35. Qf4 Bg7 36. Bxg7 Kxg7 37. Qe5+ Qf6 38. Qxf6+ Kxf6 39. Bxf5 Kxf5 40. Rd5+ Ke6 41. Rb5 Rb7 42. Kh3 Kf6 43. Kh4 Rb8 44. a4 Ke6 45. b3 Kd6 46. Kg4 Kc6 47. Re5 Rf8 48. Rxe4 Rxf2 49. Re6+ Kc7 50. Rxg6 Rb2 51. Kf5 Rxb3 52. e4 b5 53. axb5 Rxb5+ 54. e5 Rb3 55. g4 a4 56. Rxh6 Rf3+ 57. Ke4 Rf1 58. Ra6 Rg1 59. Kf5 Rf1+ 60. Kg5 Ra1 61. e6 Kd8 62. Ra7 a3 63. Kg6 a2 64. e7+ Ke8 65. g5 Rg1 66. Rxa2 Kxe7 67. Rf2 Rg3 68. Kh6 Rh3+ 69. Kg7 Rg3 70. Re2+ Kd7 71. g6 Rg4 72. Kf7 Rf4+ 73. Kg8 Rg4 74. g7 Rg1 75. Rh2 Ke7 76. Kh8 1-0

[Event "1st Turkish League 2017"]
[Site "Konya"]
[Date "2017.07.18"]
[Round "3"]
[White "Dogan, Nazmi Can"]
[Black "Kitir, Ahmet"]
[Result "1/2-1/2"]
[ECO "C03"]
[WhiteElo "2242"]
[BlackElo "2038"]
[Annotator "NA"]
[PlyCount "140"]
[EventType "team-tourn"]
[EventCountry "TUR"]
[SourceTitle "playchess.com"]
[Source "ChessBase"]
[SourceQuality "1"]
[TimeControl "5400+30"]

1. d4 e6 2. e4 d5 3. Nd2 Be7 4. Ngf3 c5 {[%emt 0:02:30] C03: French Tarrasch: Unusual Black 3rd moves} 5. exd5 Qxd5 6. Bc4 Qd8 7. Nb3 $146 ({Predecessor:} 7. O-O cxd4 8. Nb3 Nf6 9. Nbxd4 O-O 10. Qe2 a6 11. Rd1 Qc7 12. Ne5 {1-0 (29) Malakhov,V (2722)-Cori Tello,D (2409) Villafranca 2010}) 7... cxd4 8. Nbxd4 Nc6 9. Nb5 Qxd1+ 10. Kxd1 Kf8 11. Bf4 a6 12. Nd6 e5 13. Nxc8 Rxc8 14. Bxe5 Nxe5 15. Nxe5 Bd6 16. Nxf7 Rxc4 17. Nxh8 Nf6 18. c3 Kg8 19. Kc2 Kxh8 20. Rad1 Bf8 21. Rd8 Kg8 22. Rb8 Rc7 23. Rd1 Kf7 24. Rbd8 Bc5 25. f3 Re7 26. b4 Bb6 27. R8d3 $11 Bc7 28. h3 Bf4 29. Kb3 Re2 30. Rd4 g5 31. g4 Ke6 32. Rd8 Rh2 33. Re1+ Kf7 34. Ra8 Rxh3 35. Rf1 Nd5 36. Ra7 Ne3 37. Rxb7+ Ke6 38. Rf2 Nd1 39. Rf1 Ne3 40. Rf2 Nd1 41. Re2+ Kd6 42. Ree7 Nf2 43. Rxh7 Rxf3 44. Rh6+ Ke5 45. Kc4 Nxg4 46. Rxa6 Ne3+ 47. Kc5 Nd5 48. c4 Be3+ 49. Kb5 Nc3+ 50. Ka5 Nxa2 51. Re7+ Kd4 52. c5 Bf4 53. Kb5 Nc3+ 54. Kc6 Rh3 55. Kb7 Nd5 56. Rd7 Rb3 57. Kc6 Rxb4 58. Rxd5+ Ke4 59. Rd8 g4 60. Rg8 Kf3 61. Ra3+ Be3 62. Rf8+ Rf4 63. Re8 Re4 64. Rxe4 Kxe4 65. Kd6 g3 66. c6 g2 67. Ra1 g1=Q 68. Rxg1 Bxg1 69. c7 Bh2+ 70. Kc5 Bxc7 1/2-1/2

[Event "1st Turkish League 2017"]
[Site "Konya"]
[Date "2017.07.18"]
[Round "3"]
[White "Erden, Kadir"]
[Black "Gulbas, Cemil"]
[Result "1/2-1/2"]
[ECO "D00"]
[WhiteElo "2235"]
[BlackElo "2366"]
[Annotator "NA"]
[PlyCount "97"]
[EventType "team-tourn"]
[EventCountry "TUR"]
[SourceTitle "playchess.com"]
[Source "ChessBase"]
[SourceQuality "1"]
[TimeControl "5400+30"]

1. d4 d5 2. Bf4 Nf6 3. e3 c5 4. c3 Nc6 5. Nd2 g6 6. Ngf3 Bg7 7. h3 O-O 8. Be2 b6 9. Ne5 Bb7 10. Nxc6 Bxc6 11. Be5 Qd7 12. O-O Bb5 13. a4 Bxe2 14. Qxe2 a5 15. Rfd1 cxd4 16. Bxd4 Qe6 17. Qb5 Rfd8 18. c4 Rab8 19. cxd5 Rxd5 20. Qf1 Nd7 21. Nf3 Nc5 22. Bxg7 Kxg7 23. Rxd5 Qxd5 24. Qb5 Qb3 25. Nd4 Qxb5 26. axb5 Rd8 27. b4 axb4 28. Nc6 Rd2 29. Nxb4 Rb2 30. Nd5 Rxb5 31. Nxe7 Rb2 32. f3 b5 33. Rc1 Nd3 34. Rd1 Ne5 35. f4 Nc4 36. Nd5 Nd2 37. Kh2 h5 38. h4 Ne4 39. Rd4 Nf2 40. Kg3 Nh1+ 41. Kh2 Nf2 42. Kg3 Ng4 43. Kf3 Rf2+ 44. Kg3 Rb2 45. Kf3 Nh2+ 46. Kg3 Nf1+ 47. Kf3 Nd2+ 48. Kg3 Nf1+ 49. Kf3 1/2-1/2

[Event "1st Turkish League 2017"]
[Site "Konya"]
[Date "2017.07.19"]
[Round "3"]
[White "Bayram, Yakup"]
[Black "Keles, Cengiz"]
[Result "0-1"]
[ECO "D06"]
[WhiteElo "2232"]
[BlackElo "2124"]
[Annotator "NA"]
[PlyCount "96"]
[EventType "team-tourn"]
[EventCountry "TUR"]
[SourceTitle "playchess.com"]
[Source "ChessBase"]
[SourceQuality "1"]
[TimeControl "5400+30"]

1. d4 d5 2. c4 Nf6 3. cxd5 Nxd5 4. Nf3 Bf5 5. Nbd2 Nb6 6. e4 Bg4 7. h3 Bxf3 8. Nxf3 e6 9. Bb5+ c6 10. Bd3 Be7 11. O-O O-O 12. Qe2 N8d7 13. Rd1 Re8 14. a4 a5 15. Bd2 Qc7 16. Qe1 e5 17. dxe5 Nxe5 18. Nxe5 Qxe5 19. Bc3 Qg5 20. Qd2 Red8 21. Qxg5 Bxg5 22. Bc2 Nd7 23. g3 Bf6 24. f4 Bxc3 25. bxc3 Nc5 26. Kf2 Kf8 27. Ke3 Ke7 28. c4 h6 29. e5 Rxd1 30. Rxd1 Rd8 31. Rxd8 Kxd8 32. f5 Kd7 33. g4 Ke7 34. h4 Kd7 35. Kf4 Ke7 36. g5 hxg5+ 37. Kxg5 Nd7 38. f6+ gxf6+ 39. exf6+ Kf8 40. h5 Kg8 41. Bf5 Nb6 42. Bd3 Nxa4 43. h6 Nc5 44. h7+ Kh8 45. Bf5 a4 46. Kf4 a3 47. Bb1 Nd3+ 48. Ke4 Nb4 0-1

[Event "1st Turkish League 2017"]
[Site "Konya"]
[Date "2017.07.18"]
[Round "3"]
[White "Isik, Alparslan"]
[Black "Nalbant, Tuna Onat"]
[Result "1/2-1/2"]
[ECO "A30"]
[WhiteElo "2211"]
[BlackElo "2037"]
[Annotator "NA"]
[PlyCount "87"]
[EventType "team-tourn"]
[EventCountry "TUR"]
[SourceTitle "playchess.com"]
[Source "ChessBase"]
[SourceQuality "1"]
[TimeControl "5400+30"]

1. Nf3 Nf6 2. c4 c5 3. Nc3 b6 4. g3 Bb7 5. Bg2 e6 6. O-O Be7 7. d4 cxd4 8. Qxd4 d6 9. Bg5 h6 10. Bxf6 Bxf6 11. Qd3 a6 12. Rfd1 Be7 13. Ne4 Bxe4 14. Qxe4 Ra7 15. Nd4 O-O 16. b3 Bf6 17. Rac1 Rc7 18. Rc2 Qe7 19. Rcd2 Rd8 20. Qe3 Rdd7 21. h4 Rc5 22. a4 Kh7 23. Be4+ g6 24. Qf3 Kg7 25. Qd3 d5 26. cxd5 exd5 27. Bf3 a5 28. h5 Qe5 29. hxg6 fxg6 30. Bg4 Rd6 31. Nf3 Qe7 32. Nd4 Qe5 33. Nb5 Rd8 34. f4 Qe8 35. Nd4 Bxd4+ 36. Qxd4+ Kh7 37. Bf3 Qe6 38. Qf2 Nc6 39. Rd3 Nb4 40. Re3 Qf7 41. Re5 Re8 42. Rxe8 Qxe8 43. Qd4 Qe6 44. Kh2 1/2-1/2

[Event "1st Turkish League 2017"]
[Site "Konya"]
[Date "2017.07.18"]
[Round "3"]
[White "Sakir, Ridvan"]
[Black "Gunduz, Umut Erdem"]
[Result "1-0"]
[ECO "C41"]
[WhiteElo "2132"]
[BlackElo "2066"]
[Annotator "NA"]
[PlyCount "63"]
[EventType "team-tourn"]
[EventCountry "TUR"]
[SourceTitle "playchess.com"]
[Source "ChessBase"]
[SourceQuality "1"]
[TimeControl "5400+30"]

1. e4 e5 2. Nf3 d6 3. d4 Nd7 4. Bc4 c6 5. a4 a5 6. Nc3 Be7 7. O-O Ngf6 8. Re1 O-O 9. h3 h6 10. Be3 exd4 11. Bxd4 Qc7 12. e5 dxe5 13. Nxe5 Nc5 14. Ng6 Be6 15. Bxe6 Nxe6 16. Nxf8 Rxf8 17. Be3 Bb4 18. Qd3 Rd8 19. Qc4 Nd7 20. Rad1 Rf8 21. Re2 Ne5 22. Qb3 Ng6 23. Ne4 Qe5 24. Ng3 Qf6 25. c3 Be7 26. Qxb7 Nh4 27. Bd4 Nxd4 28. cxd4 Bb4 29. Qd7 g6 30. Re8 h5 31. Rxf8+ Kxf8 32. Qc7 1-0

[Event "1st Turkish League 2017"]
[Site "Konya"]
[Date "2017.07.18"]
[Round "3"]
[White "Sertbay, Huseyin"]
[Black "Akdag, Omer Amir"]
[Result "1-0"]
[ECO "E40"]
[WhiteElo "2027"]
[BlackElo "1685"]
[Annotator "NA"]
[PlyCount "127"]
[EventType "team-tourn"]
[EventCountry "TUR"]
[SourceTitle "playchess.com"]
[Source "ChessBase"]
[SourceQuality "1"]
[TimeControl "5400+30"]

1. d4 Nf6 2. c4 e6 3. Nc3 Bb4 4. e3 d5 5. Qa4+ Nc6 6. a3 Bxc3+ 7. bxc3 O-O 8. Nf3 Re8 9. Be2 Ne7 10. O-O Ng6 11. Qb3 c6 12. Rd1 Qc7 13. Bb2 b6 14. cxd5 exd5 15. c4 Be6 16. Rac1 Rac8 17. h3 Qd7 18. Ne5 Qc7 19. Qc2 Qb8 20. Bd3 c5 21. Nxg6 hxg6 22. dxc5 Rxc5 23. Qe2 Ne4 24. cxd5 Bxd5 25. Bd4 Rxc1 26. Rxc1 Rc8 27. Qb2 Rxc1+ 28. Qxc1 Qd8 29. Qb2 Qg5 30. f3 Nc5 31. Be2 Ne6 32. Kf2 Qh4+ 33. Kf1 Nxd4 34. exd4 Qe7 35. Qc3 Qd7 36. Kf2 Qc6 37. Qxc6 Bxc6 38. Ke3 Kf8 39. Bc4 f6 40. h4 Ke7 41. Kf4 b5 42. Bd3 Be8 43. g4 Kd6 44. g5 Kd5 45. Ke3 f5 46. f4 Kc6 47. h5 gxh5 48. Bxf5 g6 49. Be4+ Kd6 50. f5 gxf5 51. Bxf5 Ke7 52. d5 Kd6 53. Kd4 h4 54. g6 h3 55. g7 Bf7 56. Be6 Ke7 57. Bxh3 Kf6 58. d6 a5 59. Kc5 b4 60. axb4 a4 61. Kd4 a3 62. Kc3 Bd5 63. b5 Kf7 64. g8=Q+ 1-0

[Event "1st Turkish League 2017"]
[Site "Konya"]
[Date "2017.07.18"]
[Round "3"]
[White "Hajiyev, Shahin"]
[Black "Gur, Erdal Eren"]
[Result "0-1"]
[ECO "D36"]
[WhiteElo "2008"]
[BlackElo "1996"]
[Annotator "NA"]
[PlyCount "86"]
[EventType "team-tourn"]
[EventCountry "TUR"]
[SourceTitle "playchess.com"]
[Source "ChessBase"]
[SourceQuality "1"]
[TimeControl "5400+30"]

1. d4 d5 2. c4 e6 3. Nc3 Nf6 4. Bg5 Nbd7 5. cxd5 exd5 6. e3 c6 7. Qc2 Be7 8. Nf3 O-O 9. Bd3 Re8 10. O-O Nf8 11. Ne5 Ng4 12. Bxe7 Qxe7 13. Nxg4 Bxg4 14. Rae1 Qf6 15. f4 Rad8 16. f5 Qg5 17. Qf2 h5 18. e4 h4 19. e5 f6 20. Qf4 h3 21. Qxg5 fxg5 22. b4 g6 23. gxh3 Bxh3 24. Rf3 Bxf5 25. Bxf5 gxf5 26. Rxf5 Ne6 27. Ne2 Rf8 28. Ref1 Rxf5 29. Rxf5 Rf8 30. Rxf8+ Kxf8 31. Kf2 Kg7 32. Kf3 Kg6 33. Kg4 b6 34. a3 b5 35. h4 gxh4 36. Nf4+ Nxf4 37. Kxf4 Kf7 38. Kg4 c5 39. dxc5 d4 40. a4 d3 41. Kf3 d2 42. Ke2 d1=Q+ 43. Kxd1 h3 0-1

[Event "1st Turkish League 2017"]
[Site "Konya"]
[Date "2017.07.18"]
[Round "3"]
[White "Aydincelebi, Kagan"]
[Black "Bashirli, Nail"]
[Result "0-1"]
[ECO "B03"]
[WhiteElo "1975"]
[BlackElo "2352"]
[Annotator "NA"]
[PlyCount "76"]
[EventType "team-tourn"]
[EventCountry "TUR"]
[SourceTitle "playchess.com"]
[Source "ChessBase"]
[SourceQuality "1"]
[TimeControl "5400+30"]

1. e4 Nf6 2. e5 Nd5 3. c4 Nb6 4. d4 d6 5. f4 dxe5 6. fxe5 Nc6 7. Be3 Bf5 8. Nc3 e6 9. Nf3 Be7 10. Be2 O-O 11. O-O f6 12. exf6 Bxf6 13. Qd2 Qe7 14. Rad1 Rad8 15. b3 {[%emt 0:06:30] B03: Alekhine's Defence: Four Pawns Attack} (15. Qc1 Kh8 16. h3 Bg6 17. b3 Rd7 18. d5 exd5 19. Nxd5 Nxd5 20. cxd5 Nb4 21. Bc5 Qxe2 22. Bxf8 Nd3 23. Qc4 Qe3+ {1-0 (34) Dzhumaev,M (2457)-David,A (2569) New Delhi 2017}) 15... h6 16. Qe1 e5 $146 ({Predecessor:} 16... Kh8 17. Qg3 a6 18. Rd2 Bh7 19. Kh1 Rd7 20. Rdd1 Rfd8 21. Bf4 Nxd4 22. Rxd4 Rxd4 23. Bxc7 R4d6 24. Bxd8 Rxd8 25. Ne5 Nd7 26. Nxd7 Qxd7 27. Rd1 Qe7 28. h3 Bf5 {½-½ (28) Rau,J-Hustert,D Germany 1996}) 17. d5 Nd4 18. Qf2 Nxe2+ 19. Qxe2 e4 20. Nd4 Bxd4 21. Bxd4 c5 22. dxc6 bxc6 23. Qe3 Qe6 24. h3 Rd7 25. Rd2 Rfd8 26. Rfd1 Qg6 27. Kh1 h5 28. a4 Nc8 29. a5 $16 Re8 30. Na4 Rf7 31. a6 Kh7 32. Bc5 Ne7 33. Rd6 Be6 34. Rd8 Rxd8 35. Rxd8 Rf1+ 36. Kh2 Nf5 37. Qc3 h4 38. Bd6 Rf2 0-1

[Event "1st Turkish League 2017"]
[Site "Konya"]
[Date "2017.07.18"]
[Round "3"]
[White "Yerden, Huseyin Eren"]
[Black "Altun, Arda"]
[Result "1-0"]
[ECO "E11"]
[WhiteElo "1904"]
[BlackElo "1908"]
[Annotator "NA"]
[PlyCount "201"]
[EventType "team-tourn"]
[EventCountry "TUR"]
[SourceTitle "playchess.com"]
[Source "ChessBase"]
[SourceQuality "1"]
[TimeControl "5400+30"]

1. d4 Nf6 2. c4 e6 3. g3 Bb4+ 4. Bd2 Qe7 5. Bg2 Nc6 6. Nf3 Ne4 7. a3 Bxd2+ 8. Nfxd2 Nf6 9. d5 Ne5 10. O-O O-O 11. e4 Qc5 12. Qe2 Re8 13. Nc3 b6 14. b4 Qe7 15. f4 Ng6 16. Rae1 e5 17. f5 Nh8 18. g4 g5 19. h4 h6 20. hxg5 hxg5 21. Nb5 d6 22. Bf3 a6 23. Nc3 Kg7 24. Kg2 Ng8 25. Rh1 f6 26. Rh2 Nf7 27. Nf1 Nfh6 28. Ng3 Bd7 29. Nh5+ Kf7 30. Qe3 a5 31. b5 Rf8 32. Reh1 Ke8 33. Ng3 Qg7 34. Na4 Rb8 35. Rh3 Rf7 36. Kf1 Ke7 37. Ke1 Kd8 38. Kd2 Qf8 39. Kc3 Ke8 40. Kb2 Ke7 41. R3h2 Rh7 42. Ka2 Rb7 43. Nh5 Rb8 44. Qc3 Qc8 45. Qd2 Be8 46. Ng3 Bd7 47. Nf1 Kf8 48. Ne3 Qe8 49. Bd1 Ke7 50. Bb3 Kf8 51. Nb2 Qc8 52. a4 Ra8 53. Kb1 Qb8 54. Kc2 Ke7 55. Rh3 Kf7 56. Nd3 Kg7 57. R1h2 Kf7 58. Qe1 Kg7 59. Kb2 Kf7 60. Qh1 Kg7 61. Rh5 Be8 62. R5h3 Bd7 63. Ba2 Be8 64. Nc1 Bd7 65. Nb3 Ra7 66. Nf1 Ra8 67. Ng3 Qd8 68. Ka1 Ra7 69. Nd2 Qf8 70. Kb2 Qd8 71. Nf3 Be8 72. Qc1 Kf8 73. Bb3 Ra8 74. Qd2 Qe7 75. Nf1 Qd8 76. Ne3 Qb8 77. Kc1 Bd7 78. Kd1 Be8 79. Ke2 Bd7 80. Kf1 Ra7 81. Kg1 Qd8 82. Bd1 Be8 83. Qc3 Kg7 84. Nd2 Ne7 85. c5 dxc5 86. Ndc4 Neg8 87. Bb3 Bf7 88. Rd2 Ne7 89. Rdh2 Neg8 90. Ba2 Ra8 91. Rd2 Qe7 92. d6 cxd6 93. Nxb6 Bxa2 94. Nxa8 Qa7 95. Rxa2 Qxa8 96. Qc4 Ne7 97. Rd2 Qb8 98. Qe6 Nc8 99. Qd7+ Kg8 100. Qe8+ Kg7 101. Qg6+ 1-0

[Event "1st Turkish League 2017"]
[Site "Konya"]
[Date "2017.07.18"]
[Round "3"]
[White "Sahin, Handenur"]
[Black "Khomeriki, Nino"]
[Result "0-1"]
[ECO "C84"]
[WhiteElo "1897"]
[BlackElo "2305"]
[Annotator "NA"]
[PlyCount "114"]
[EventType "team-tourn"]
[EventCountry "TUR"]
[SourceTitle "playchess.com"]
[Source "ChessBase"]
[SourceQuality "1"]
[TimeControl "5400+30"]

1. e4 e5 2. Nf3 Nc6 3. Bb5 a6 4. Ba4 Nf6 5. d3 d6 6. c3 Be7 7. O-O O-O 8. Re1 b5 9. Bc2 h6 10. Nbd2 Re8 11. Nf1 Bf8 12. Ng3 Na5 13. a4 Bb7 14. h3 c5 15. Nf5 d5 16. Qe2 d4 17. Bd2 Nc6 18. Bb3 dxc3 19. bxc3 b4 20. g4 Na5 21. Bc2 b3 22. Bb1 Nd7 23. g5 h5 24. Kh2 c4 25. dxc4 Nc5 26. Rg1 g6 27. Nh6+ Kg7 28. Nh4 Qd7 29. Qf3 Qe6 30. N4f5+ Kh7 31. Ne3 Bxh6 32. gxh6 Rac8 33. Nd5 Nd7 34. Bd3 Nxc4 35. Bg5 Ncb6 36. c4 a5 37. Ra3 Nxc4 38. Bxc4 Rxc4 39. Qxb3 Ba6 40. Qf3 Rb8 41. Rc3 Rxc3 42. Qxc3 Bb7 43. Qxa5 Ra8 44. Qb5 Bc6 45. Qd3 Rxa4 46. Be3 Nf6 47. Nc7 Qe7 48. Bg5 Qxc7 49. Bxf6 Rxe4 50. Qb3 Rf4 51. Bg5 Rxf2+ 52. Kg3 Rf5 53. Kh4 Rf3 54. Qb2 Bd7 55. Rg3 Qc4+ 56. Rg4 Bxg4 57. Qxe5 Rxh3# 0-1

[Event "1st Turkish League 2017"]
[Site "Konya"]
[Date "2017.07.18"]
[Round "3"]
[White "Coban, Mete Sadik"]
[Black "Okus, Melih"]
[Result "1/2-1/2"]
[ECO "B22"]
[WhiteElo "1894"]
[BlackElo "2041"]
[Annotator "NA"]
[PlyCount "61"]
[EventType "team-tourn"]
[EventCountry "TUR"]
[SourceTitle "playchess.com"]
[Source "ChessBase"]
[SourceQuality "1"]
[TimeControl "5400+30"]

1. e4 c5 2. Nf3 e6 3. c3 d5 4. exd5 Qxd5 5. d4 Nf6 6. Bd3 Be7 7. O-O O-O 8. Be3 cxd4 9. cxd4 Nc6 10. Nc3 Qd6 11. Rc1 a6 12. Re1 Nb4 13. Bb1 Nbd5 14. Bg5 b5 15. Qe2 Nxc3 16. bxc3 Bb7 17. Ne5 g6 18. a4 Nd7 19. Bxe7 Qxe7 20. axb5 Nxe5 21. Qxe5 axb5 22. Qxb5 Rfb8 23. Qe5 Rd8 24. Be4 Bxe4 25. Qxe4 Ra5 26. Red1 Qf6 27. c4 Ra2 28. Qe3 Rb8 29. Rd2 Ra5 30. Rdd1 Ra2 31. Rd2 1/2-1/2

[Event "1st Turkish League 2017"]
[Site "Konya"]
[Date "2017.07.18"]
[Round "3"]
[White "Mutlu, Beste"]
[Black "Sahin, Hayrun Nisa"]
[Result "0-1"]
[ECO "B38"]
[WhiteElo "1712"]
[BlackElo "1576"]
[Annotator "NA"]
[PlyCount "78"]
[EventType "team-tourn"]
[EventCountry "TUR"]
[SourceTitle "playchess.com"]
[Source "ChessBase"]
[SourceQuality "1"]
[TimeControl "5400+30"]

1. e4 c5 2. Nf3 g6 3. d4 cxd4 4. Nxd4 Bg7 5. c4 Nc6 6. Be3 Nf6 7. Nc3 d6 8. Be2 Nxd4 9. Bxd4 a5 10. O-O O-O 11. b3 Nd7 12. Bxg7 Kxg7 13. Kh1 Nc5 14. Qd4+ Kg8 15. f4 Ne6 16. Qe3 Ng7 17. Rad1 Bd7 18. Nd5 Bc6 19. c5 Bxd5 20. Rxd5 Qc7 21. cxd6 exd6 22. Qd2 Rfd8 23. Rc1 Qe7 24. Rxa5 Qxe4 25. Bf3 Qe7 26. Rb5 Rd7 27. g3 Rb8 28. a4 Ne6 29. a5 Rdd8 30. Bd5 Qd7 31. Rb6 Nc5 32. Rd1 Qe7 33. Re1 Qc7 34. Qg2 Nd7 35. Rxb7 Rxb7 36. Bxb7 Qxa5 37. Re7 Nf6 38. Qb2 Nd5 39. Re1 Qxe1+ 0-1

[Event "1st Turkish League 2017"]
[Site "Konya"]
[Date "2017.07.19"]
[Round "3"]
[White "Saim, Sida"]
[Black "Yorgun, Yaren Naz"]
[Result "1/2-1/2"]
[ECO "E14"]
[WhiteElo "1634"]
[BlackElo "1733"]
[Annotator "NA"]
[PlyCount "130"]
[EventType "team-tourn"]
[EventCountry "TUR"]
[SourceTitle "playchess.com"]
[Source "ChessBase"]
[SourceQuality "1"]
[TimeControl "5400+30"]

1. d4 d5 2. Nf3 Nf6 3. e3 e6 4. c4 Be7 5. Nc3 O-O 6. Bd3 b6 7. O-O Bb7 8. b3 Nbd7 9. Bb2 c5 10. cxd5 Nxd5 11. Nxd5 Bxd5 12. Rc1 cxd4 13. exd4 Nf6 14. Bc4 Bb7 15. Ne5 Nd5 16. Bb5 a6 17. Bc6 Bxc6 18. Nxc6 Qd6 19. Nxe7+ Nxe7 20. Qf3 Nd5 21. Rc4 Qf4 22. Qe2 Qf5 23. g3 Rfd8 24. Rfc1 Qg6 25. a3 h6 26. Qc2 Qxc2 27. R4xc2 Ra7 28. Kf1 Rad7 29. Ke2 Ne7 30. Rc7 Rxc7 31. Rxc7 Nd5 32. Rc6 Kf8 33. a4 Ke8 34. Ba3 Rb8 35. Bd6 Kd7 36. Bxb8 Kxc6 37. Kd2 f6 38. g4 Ne7 39. Kd3 Nc8 40. Bf4 Kd5 41. Be3 Ne7 42. f3 Nc6 43. h3 Nb4+ 44. Kc3 Nc6 45. Kd3 b5 46. axb5 axb5 47. Bf2 Na5 48. Kc3 Nc6 49. Kd3 f5 50. gxf5 exf5 51. Bg1 Ne7 52. Bh2 Ng6 53. Bg3 Nf8 54. Be5 Ne6 55. Ke3 g5 56. Kd3 h5 57. Ke3 g4 58. fxg4 fxg4 59. hxg4 hxg4 60. Kd3 Ng5 61. Ke3 Ne4 62. Bh2 g3 63. Bg1 Nf2 64. Kf3 Ne4 65. Be3 b4 1/2-1/2

[Event "1st Turkish League 2017"]
[Site "Konya"]
[Date "2017.07.18"]
[Round "3"]
[White "Yilmaz, Duygu Sila"]
[Black "Elma, Muge"]
[Result "0-1"]
[ECO "B52"]
[WhiteElo "1355"]
[BlackElo "1513"]
[Annotator "NA"]
[PlyCount "106"]
[EventType "team-tourn"]
[EventCountry "TUR"]
[SourceTitle "playchess.com"]
[Source "ChessBase"]
[SourceQuality "1"]
[TimeControl "5400+30"]

1. e4 c5 2. Nf3 d6 3. Bb5+ Bd7 4. Bxd7+ Nxd7 5. O-O Ngf6 6. Re1 e6 7. c3 Be7 8. d4 O-O 9. Bf4 cxd4 10. cxd4 d5 11. e5 Ne8 12. Nc3 Nb6 13. b3 Rc8 14. Bd2 Nc7 15. Ne2 Na6 16. a3 Qd7 17. Bg5 Rc7 18. Bxe7 Qxe7 19. b4 Rfc8 20. Qd3 Nc4 21. Rac1 Nb8 22. Nd2 Qd7 23. Nxc4 dxc4 24. Qe3 b5 25. Nc3 a6 26. f4 Nc6 27. Rcd1 Ne7 28. Ne4 Nd5 29. Qg3 Kh8 30. Nc5 Qc6 31. Qf3 Ne7 32. Qh5 Kg8 33. Re3 Nf5 34. Rh3 h6 35. d5 g6 36. Qxg6+ fxg6 37. dxc6 Rxc6 38. g4 Ne7 39. Rxh6 Kg7 40. Rh3 Nd5 41. Nxe6+ Rxe6 42. Rxd5 c3 43. Rc5 Rf8 44. Rc7+ Kg8 45. Rch7 Rc6 46. Rh8+ Kf7 47. R3h7+ Ke8 48. Rxf8+ Kxf8 49. e6 c2 50. e7+ Ke8 51. f5 c1=Q+ 52. Kf2 Rc2+ 53. Kf3 Qxa3+ 0-1

[Event "1st Turkish League 2017"]
[Site "Konya"]
[Date "2017.07.19"]
[Round "4"]
[White "Dedebas, Emre Emin"]
[Black "Gunduz, Umut Erdem"]
[Result "1-0"]
[ECO "D01"]
[WhiteElo "2322"]
[BlackElo "2066"]
[Annotator "ChessBase"]
[PlyCount "99"]
[EventType "team-tourn"]
[EventCountry "TUR"]
[SourceTitle "playchess.com"]
[Source "ChessBase"]
[SourceQuality "1"]
[TimeControl "5400+30"]

1. d4 Nf6 2. Nc3 d5 3. Nf3 c6 4. Bg5 Nbd7 5. e3 Qa5 6. a3 Ne4 7. b4 Nxc3 8. Qd3 Qb6 9. Qxc3 a5 10. Rb1 axb4 11. axb4 Nf6 12. Bd3 Ne4 13. Bxe4 dxe4 14. Nd2 Qb5 15. Qc5 Ra2 16. Qxb5 cxb5 17. O-O f6 18. Bf4 Bf5 19. Rfc1 e6 20. Ra1 Ra4 21. c3 Kd7 22. Rxa4 bxa4 23. Nc4 b5 24. Na3 Kc6 25. c4 bxc4 26. Rxc4+ Kd5 27. Rc8 e5 28. Rd8+ Ke6 29. b5 Bxa3 30. Rxh8 exf4 31. b6 Bd6 32. b7 fxe3 33. fxe3 Kd7 34. b8=Q Bxb8 35. Rxb8 Kc7 36. Ra8 Bd7 37. Ra7+ Kc8 38. Kf2 Bc6 39. d5 Bxd5 40. Rxa4 Bc6 41. Rd4 Kc7 42. Kg3 f5 43. Kf4 g6 44. Ke5 Bb5 45. Kf6 Be2 46. Kg7 Bh5 47. Kxh7 Kc6 48. Kh6 Kc7 49. Kg5 Kc6 50. h3 1-0

[Event "1st Turkish League 2017"]
[Site "Konya"]
[Date "2017.07.19"]
[Round "4"]
[White "Eminov, Orkhan"]
[Black "Ozkan, Ervin"]
[Result "1-0"]
[ECO "C01"]
[WhiteElo "2274"]
[BlackElo "2206"]
[Annotator "NA"]
[PlyCount "83"]
[EventType "team-tourn"]
[EventCountry "TUR"]
[SourceTitle "playchess.com"]
[Source "ChessBase"]
[SourceQuality "1"]
[TimeControl "5400+30"]

1. e4 e6 2. d4 d5 3. Nc3 Bb4 4. exd5 exd5 5. Bd3 {[%emt 0:00:00] LiveBook: 1775 Games} Nc6 6. a3 Be7 7. Nge2 {[%emt 0:01:30] C01: French: Exchange Variation} (7. Nf3 Nf6 8. h3 O-O 9. O-O h6 10. Bf4 Bd6 11. Qd2 a6 12. Rfe1 Bxf4 13. Qxf4 Be6 14. Re3 Nh5 {½-½ (59) Andreikin,D (2720)-Dubov,D (2661) Berlin 2015}) 7... Nf6 8. f3 $146 ({Predecessor:} 8. O-O a6 9. h3 h6 10. Be3 Bd6 11. Ng3 Ne7 12. Qf3 Be6 13. Nce2 Ng6 14. Nf4 Nxf4 15. Bxf4 Bxf4 16. Qxf4 {1-0 (55) Jovanovic,Z (2518)-Djoric,D (2268) Sarajevo 2015}) 8... O-O 9. Be3 Be6 10. Qd2 Qd7 (10... Na5 $11 {keeps the balance.}) 11. g4 a6 12. Nf4 Ne8 13. h4 Bd6 14. h5 Bxf4 15. Bxf4 Nd6 16. O-O-O $16 b5 17. Ne2 Nc4 18. Qe1 Qe7 19. Bxc4 bxc4 20. Qg3 Ra7 21. Nc3 Rb7 22. h6 g6 23. Rhe1 g5 24. Nxd5 Qd8 25. Nc3 gxf4 26. Qxf4 Bc8 27. d5 Nb8 28. Qd4 Qg5+ 29. f4 Qxh6 30. Ne4 Qxf4+ 31. Kb1 Nd7 32. g5 Rb6 33. Rh1 Qe5 34. Nf6+ Rxf6 35. Qh4 Rh6 36. Qxh6 Qg7 37. Qc6 Ne5 38. Qxc7 Bf5 39. d6 Rc8 40. Qb7 Nc6 41. d7 Rb8 42. Qxb8+ 1-0

[Event "1st Turkish League 2017"]
[Site "Konya"]
[Date "2017.07.19"]
[Round "4"]
[White "Annaberdiyev, Babageldi"]
[Black "Keler, Faruk"]
[Result "0-1"]
[ECO "A08"]
[WhiteElo "2262"]
[BlackElo "2262"]
[Annotator "ChessBase"]
[PlyCount "102"]
[EventType "team-tourn"]
[EventCountry "TUR"]
[SourceTitle "playchess.com"]
[Source "ChessBase"]
[SourceQuality "1"]
[TimeControl "5400+30"]

1. Nf3 d5 2. g3 Nf6 3. Bg2 g6 4. O-O Bg7 5. d3 O-O 6. Nbd2 c5 7. e4 Nc6 8. Re1 e5 9. h3 h6 10. c3 b6 11. exd5 Nxd5 12. Nc4 Re8 13. d4 cxd4 14. cxd4 exd4 15. Rxe8+ Qxe8 16. Nxd4 Nxd4 17. Bxd5 Be6 18. Bxa8 Qxa8 19. Ne3 Nf3+ 20. Kg2 Bd4 21. Kf1 Bxe3 22. fxe3 Bc4+ 23. Kf2 Ng5 24. e4 Nxe4+ 25. Kg1 Nxg3 26. Kf2 Be2 27. Qb3 Nf5 28. Bxh6 Qe4 29. Bg5 Bc4 30. Qc3 Qe2+ 31. Kg1 Bd5 32. Qd2 Qf3 33. Rc1 Qg3+ 34. Kf1 Qxh3+ 35. Kf2 Qg2+ 36. Ke1 Qg1+ 37. Ke2 Qg4+ 38. Kf2 Qf3+ 39. Ke1 Qh1+ 40. Kf2 Qg2+ 41. Ke1 Qg1+ 42. Ke2 Qg4+ 43. Kf2 Nd4 44. Rg1 Qf3+ 45. Ke1 Qe4+ 46. Kf2 Nf3 47. Qc1 Nxg1 48. Qxg1 Qc2+ 49. Kg3 Qxb2 50. Qd1 Qg2+ 51. Kf4 Qf2+ 0-1